 Dungeon Crawl Stone Soup version 0.26.0-10-g1f06aea511 (webtiles) character file.

Game seed: 17342349831158990631

3038 gruber the Destroyer (level 9, -3/54 HPs)
             Began as an Octopode Conjurer on Jan 18, 2021.
             Was a Priest of Vehumet.
             Killed by divine providence
             ... invoked by an orc priest
              (12 damage)
             ... on level 8 of the Dungeon.
             The game lasted 00:12:33 (9545 turns).

gruber the Destroyer (Octopode Conjurer)            Turns: 9545, Time: 00:12:35

Health: -3/54      AC:  2    Str:  8    XL:     9   Next: 86%
Magic:  8/12       EV: 13    Int: 24    God:    Vehumet [***...]
Gold:   327        SH:  0    Dex: 10    Spells: 9/12 levels left

rFire    . . .     SeeInvis +   t - +10 hand axe "Owuiny" {vorpal, Fragile rC+ Str+2 SInv}
rCold    + . .     Faith    .   x - +0 buckler
rNeg     . . .     Spirit   .   z - +1 hat
rPois    .         Reflect  .   y - amulet of the acrobat
rElec    .         Harm     .   d - ring of stealth
rCorr    .         Rampage  .   (no ring)
Will     .....                  (no ring)
Stlth    +++.......             (no ring)
HPRegen  0.18/turn              (no ring)
MPRegen  0.13/turn              (no ring)
                                (no ring)
                                (no ring)

@: confused, marked
A: almost no armour, stealthy swim, amphibious, 8 rings, constrict 8, camouflage
1, gelatinous body 1
a: Renounce Religion


You were on level 8 of the Dungeon.
You worshipped Vehumet.
Vehumet was most pleased with you.
You visited 1 branch of the dungeon, and saw 8 of its levels.
You also visited: Sewer.

You collected 327 gold pieces.

Inventory:

Hand Weapons
 t - the +10 hand axe "Owuiny" (weapon) {vorpal, Fragile rC+ Str+2 SInv}
   (You found it on level 4 of the Dungeon)

   It inflicts extra damage upon your enemies.
   It affects your strength (+2).
   It protects you from cold.
   It lets you see invisible.
   It will be destroyed if unequipped.
Missiles
 r - 2 curare-tipped darts
Armour
 x - a +0 buckler (worn)
 z - a +1 hat (worn)
Jewellery
 d - a ring of stealth (left tentacle)
 y - an amulet of the acrobat (around mantle)
Wands
 j - a wand of acid (11)
 w - a wand of paralysis (5)
Scrolls
 b - 4 scrolls of enchant armour {unknown}
 c - 7 scrolls of identify
 m - 2 scrolls of random uselessness {unknown}
 n - 2 scrolls of magic mapping {unknown}
 p - 3 scrolls of remove curse
 q - 2 scrolls of fear {unknown}
 s - 3 scrolls of teleportation
 u - a scroll of holy word {unknown}
 v - a scroll of immolation {unknown}
 A - 3 scrolls of amnesia {unknown}
 B - a scroll of noise {unknown}
 C - a scroll of vulnerability {unknown}
Potions
 a - 6 potions of heal wounds
 e - 2 potions of degeneration {unknown}
 f - 3 potions of lignification {unknown}
 g - 3 potions of curing {unknown}
 h - 2 potions of berserk rage {unknown}
 i - 2 potions of brilliance {unknown}
 k - 2 potions of flight {unknown}
 l - 3 potions of might
 o - a potion of ambrosia {unknown}


   Skills:
 * Level 1.8 Fighting
 - Level 0.7 Short Blades
 - Level 0.2(0.5) Long Blades
 - Level 7.1 Axes
 - Level 0.6(4.5) Maces & Flails
 - Level 0.3(4.4) Polearms
 - Level 0.7(1.0) Staves
 - Level 0.3 Slings
 - Level 0.3 Bows
 - Level 0.3 Crossbows
 - Level 2.0 Dodging
 - Level 2.6 Stealth
 - Level 6.3 Shields
 - Level 2.0 Spellcasting
 - Level 9.2 Conjurations
 - Level 0.3 Hexes
 - Level 0.3 Summonings
 - Level 0.3 Necromancy
 - Level 0.3 Translocations
 - Level 0.3 Transmutations
 - Level 0.6 Fire Magic
 - Level 0.3 Ice Magic
 - Level 0.3 Air Magic
 - Level 0.3 Earth Magic
 - Level 0.4 Poison Magic
 - Level 0.4 Invocations


You had 9 spell levels left.
You knew the following spells:

 Your Spells              Type           Power        Failure   Level
a - Magic Dart            Conj           100%         1%          1
b - Searing Ray           Conj           92%          1%          2

Your spell library contained the following spells:

 Spells                   Type           Power        Failure   Level
 Ignite Poison            Fire/Tmut/Pois 4%           9%          3
 Dazzling Flash           Conj/Hex       50%          1%          3
 Fulminant Prism          Conj/Hex       12%          4%          4
 Iskenderun's Mystic Bla  Conj/Tloc      25%          4%          4
 Animate Skeleton         Necr           8%           11%         1
 Pain                     Necr           16%          11%         1
 Vampiric Draining        Necr           2%           30%         3
 Animate Dead             Necr           2%           71%         4
 Agony                    Necr           4%           96%         5


Dungeon Overview and Level Annotations

Branches:
Dungeon (8/15)             Temple (0/1) D:4            Lair (0/6) D:8
  Sewer (visited)

Altars:
Cheibriados
Dithmenos
Kikubaaqudgha
Makhleb
Okawaru
Ru
Sif Muna
Trog
Uskayaw
Vehumet
Wu Jian
Yredelemnul

Shops:
D:4 (

Annotations:
D:8 Harold


Innate Abilities, Weirdness & Mutations

You cannot wear most types of armour.
You are very stealthy in the water. (Stealth+)
You are amphibious.
You can wear up to eight rings at the same time.
You can use your tentacles to constrict eight enemies at once.
Your skin changes colour to match your surroundings (Stealth+).
Your rubbery body absorbs attacks. (AC +1, EV +1)


Message History

A sentinel's mark forms upon you.
The orc wizard gestures at you while chanting.
You are confused.
Unknown command.
Unknown command.
You bump into the stone wall.
An orc comes into view. It is wielding a +0 club.
The orc wizard points at you and mumbles some strange words.
The puff of flame misses you.
The orc priest casts a cantrip, but nothing happens.
The ogre closely misses you.
You're too confused to move!
The orc priest hits you with a +0 short sword.
You hit the orc priest.
The orc priest is almost dead.
You hit the ogre. The ogre hits you with a +0 giant club!
* * * LOW HITPOINT WARNING * * *
The orc priest mumbles some strange prayers to Beogh against you.
Beogh smites you!
You die...

#......###.#
###......###
#......##
#.....#.#
##...#..#
#..#...# #
######...##
..##...##...##
.....o#..#@.@#
....#..oo#Oo#
#..#..o...#.#
#....o...##
##########


You could see Harold, an ogre, 3 orc priests, an orc wizard (invisible) and an
orc.

Vanquished Creatures
  Grinder (D:3)
  3 wargs (D:8)
  A water moccasin (D:7)
  A black bear (D:7)
  An ice beast (D:5)
  2 ogres
  A necrophage (D:7)
  3 phantoms
  A centaur (D:8)
  A big kobold (Sewer)
  3 bullfrogs (D:7)
  3 scorpions
  4 wights (D:7)
  3 howler monkeys
  3 hounds
  8 orc wizards
  A gnoll shaman (D:5)
  3 orc priests
  Jessica (D:3)
  Natasha (twice) (D:3)
  3 worker ants
  A worker ant zombie (D:7)
  3 gnolls (D:5)
  15 adders
  3 river rats
  A shadow imp (D:5)
  2 white imps
  2 ufetubi
  An ooze (D:3)
  An adder zombie (D:7)
  4 worms
  A dart slug (D:1)
  5 leopard geckos
  13 orcs
  6 giant cockroaches
  11 goblins
  7 hobgoblins
  16 jackals
  A quokka (D:3)
  4 ball pythons
  8 bats
  8 frilled lizards
  A jackal skeleton (D:8)
  11 kobolds
  A leopard gecko zombie (D:6)
  A quokka skeleton (D:6)
  14 rats
190 creatures vanquished.

Vanquished Creatures (others)
  A steam dragon (D:8)
  4 fungi (D:5)
  A plant (D:8)
6 creatures vanquished.

Grand Total: 196 creatures vanquished

Notes
Turn   | Place    | Note
-------+----------+-------------------------------------------
     0 | D:1      | gruber the Octopode Conjurer began the quest for the Orb.
     0 | D:1      | Reached XP level 1. HP: 11/11 MP: 3/3
   128 | D:1      | Reached XP level 2. HP: 17/17 MP: 3/5
   343 | D:1      | Learned a level 2 spell: Searing Ray
   864 | D:1      | Reached XP level 3. HP: 19/21 MP: 6/6
  1035 | D:1      | Reached skill level 5 in Conjurations
  1590 | D:2      | Reached XP level 4. HP: 17/27 MP: 1/7
  1780 | D:2      | Found a hide-covered altar of Uskayaw.
  1789 | D:2      | Found an ancient bone altar of Kikubaaqudgha.
  1789 | D:2      | Found a shimmering blue altar of Sif Muna.
  1864 | D:2      | Found a radiant altar of Vehumet.
  1866 | D:2      | Identified Kikubaaqudgha's Handbook of Unholy Secrets
  2102 | D:2      | Reached skill level 6 in Conjurations
  2283 | D:2      | Reached XP level 5. HP: 31/31 MP: 8/8
  2625 | D:2      | Found a burning altar of Makhleb.
  2691 | D:2      | Became a worshipper of Vehumet
  2950 | D:3      | Found a glowing drain.
  2950 | D:3      | Noticed Natasha
  3134 | D:3      | Killed Natasha
  3235 | D:3      | Reached skill level 7 in Conjurations
  3238 | D:3      | Reached XP level 6. HP: 35/36 MP: 4/9
  3247 | Sewer    | Entered a sewer
  3475 | Sewer    | Found a white marble altar of Elyvilon.
  3647 | D:3      | Noticed Grinder
  3650 | D:3      | Reached * piety under Vehumet
  3650 | D:3      | Offered knowledge of Foxfire by Vehumet.
  3749 | D:3      | Found a sacrificial altar of Ru.
  3882 | D:3      | Killed Grinder
  3883 | D:3      | Reached skill level 8 in Conjurations
  3883 | D:3      | Reached XP level 7. HP: 31/41 MP: 4/10
  4047 | D:3      | Found a snail-covered altar of Cheibriados.
  4106 | D:3      | Noticed Natasha
  4113 | D:3      | Killed Natasha
  4283 | D:3      | Noticed Jessica
  4288 | D:3      | Killed Jessica
  4368 | D:3      | Found a faded altar of an unknown god.
  4470 | D:4      | Found a staircase to the Ecumenical Temple.
  4860 | D:4      | Reached skill level 9 in Conjurations
  5056 | D:4      | Found a shadowy altar of Dithmenos.
  5235 | D:4      | Found Tobbiubb's Weapon Emporium.
  5526 | D:4      | Got a fading hand axe
  5527 | D:4      | Identified the +10 hand axe "Owuiny" {vorpal, Fragile rC+
                  | Str+2 SInv} (You found it on level 4 of the Dungeon)
  5556 | D:5      | Entered Level 5 of the Dungeon
  5655 | D:5      | Reached XP level 8. HP: 46/46 MP: 7/11
  6004 | D:5      | Offered knowledge of Freeze by Vehumet.
  6005 | D:5      | Reached skill level 1 in Axes
  6048 | D:5      | Reached ** piety under Vehumet
  6957 | D:6      | Found a snail-covered altar of Cheibriados.
  7743 | D:7      | Reached skill level 5 in Axes
  8039 | D:7      | Reached XP level 9. HP: 51/51 MP: 6/12
  8041 | D:7      | Offered knowledge of Ignite Poison by Vehumet.
  8224 | D:7      | Found an ornate altar of the Wu Jian Council.
  8224 | D:7      | Found a basalt altar of Yredelemnul.
  8229 | D:7      | Found a bloodstained altar of Trog.
  8231 | D:7      | Found a faded altar of an unknown god.
  8233 | D:7      | Found an iron altar of Okawaru.
  8435 | D:7      | Reached skill level 1 in Shields
  9045 | D:8      | Reached skill level 5 in Shields
  9344 | D:8      | Reached *** piety under Vehumet
  9370 | D:8      | Reached skill level 1 in Fighting
  9481 | D:8      | Found a staircase to the Lair.
  9530 | D:8      | Noticed Harold
  9545 | D:8      | Killed from afar by an orc priest

Illustrated notes

Levels and vault maps discovered:
D:1:      dpeg_arrival_castle, layout_basic
D:2:      layout_loops_corners, grunt_temple_overflow_magic_moments,
          eat_drink_and_be_merry_uskayaw, makhleb_blood_cavern_becter
D:3:      layout_rooms, lemuel_crystal_altar, chequers_ecumenical_altar_island,
          cheibrodos_sewer_entry_sluice, cheibriados_altar_1, uniq_grinder,
          uniq_natasha, uniq_jessica
D:4:      layout_gridville, nicolae_dithmenos_through_a_glass_darkly,
          minmay_temple_entry_statues_pillars, serial_shops, shop
D:5:      old_forge, layout_basic
D:6:      layout_basic, lemuel_crystal_altar
D:7:      layout_gridville, chequers_temple_overflow_minitemple, hex_medium
D:8:      layout_loops_ring, erik_lair_orcish_takeover, enter_ossuary_4,
          minmay_misc_feat_ornament, chequers_serial_rivers_small_a,
          amcnicky_mini_rare_corridor_liquid, hangedman_decor_slide_cut,
          lemuel_flame_loot_1, uniq_gastronok, uniq_prince_ribbit1, uniq_harold,
          uniq_psyche

Skill      XL: |  1  2  3  4  5  6  7  8  9 |
---------------+----------------------------+-----
Conjurations   | 5 6 7 8 9 |  9.2
Axes           | 6 7 |  7.1
Shields        | 6 |  6.3
Fighting       | 1 |  1.8
Short Blades   | |  0.7
Long Blades    | |  0.2
Maces & Flails | |  0.6
Polearms       | |  0.3
Staves         | |  0.7
Slings         | |  0.3
Bows           | |  0.3
Crossbows      | |  0.3
Dodging        | |  2.0
Stealth        | |  2.6
Spellcasting   | |  2.0
Hexes          | |  0.3
Summonings     | |  0.3
Necromancy     | |  0.3
Translocations | |  0.3
Transmutations | |  0.3
Fire Magic     | |  0.6
Ice Magic      | |  0.3
Air Magic      | |  0.3
Earth Magic    | |  0.3
Poison Magic   | |  0.4
Invocations    | |  0.4

Action                   |  1- 3 |  4- 6 |  7- 9 || total
-------------------------+-------+-------+-------++-------
Melee: Unarmed           |    34 |    69 |    14 ||   117
       Constrict         |     9 |    20 |    12 ||    41
       Tentacles         |     3 |    11 |     1 ||    15
       Hand axe          |       |       |    33 ||    33
 Cast: Magic Dart        |    31 |     3 |     2 ||    36
       Searing Ray       |     6 |    20 |    74 ||   100
  Use: Scroll            |       |     5 |     1 ||     6
 Stab: Sleeping          |     2 |     4 |     5 ||    11
       Distracted        |     1 |     1 |     2 ||     4
Armor: Skin              |       |     4 |     5 ||     9
Dodge: Dodged            |    15 |    48 |    57 ||   120
Block: Buckler           |       |       |     7 ||     7
